[Event "Titled Tuesday Blitz April 11 Early 2023"]
[White "Barwinska, Ewa"]
[Black "Okike, David"]
[WhiteFideId "21833761"]
[BlackFideId "8500134"]
[WhiteElo "1908"]
[BlackElo "2232"]
[Result "1-0"]
[Round "08"]
[TimeControl "180+2"]
[Date "2023.04.11"]
[WhiteClock "0:00:08"]
[BlackClock "0:00:58"]

1. e4 c5 2. Nf3 Nc6 3. d4 cxd4 4. Nxd4 Nf6 5. Nc3 d6 6. Bg5 a6 7. Qd2 e6 8. O-O-O Bd7 9. f4 h6 10. Bxf6 Qxf6 11. Nf3 Qd8 12. g4 b5 13. f5 Be7 14. fxe6 fxe6 15. Kb1 O-O 16. Bg2 Be8 17. h4 Ne5 18. Nxe5 dxe5 19. Qe3 Qc7 20. g5 h5 21. Rhf1 Bg6 22. Rxf8+ Rxf8 23. Bh3 Qc6 24. Qa7 Bb4 25. Qd7 Qxd7 26. Rxd7 Kh7 27. a3 Bxc3 28. bxc3 Rf3 29. Bxe6 Rxc3 30. Bf5 Rf3 31. Bxg6+ Kxg6 32. Rd6+ Kf7 33. Rxa6 Rf4 34. g6+ Ke7 35. Rb6 Rxh4 36. Rxb5 Rxe4 37. Kb2 h4 38. Rb8 Kf6 39. Rh8 Kxg6 40. Kb3 Kf5 41. c4 g5 42. c5 Ke6 43. Rh6+ Kd7 44. a4 Re3+ 45. Kb4 h3 46. a5 g4 47. a6 Re2 48. a7 Ra2 49. Rh7+ Ke6 50. c6 h2 51. c7 Rxa7 52. c8=Q+ Kd5 53. Qc5+ Ke4 54. Qxa7 g3 55. Rh4+ Kf3 56. Qf7+ Kg2 57. Qd5+ Kg1 58. Qxe5 h1=Q 59. Qxg3+ Kf1 60. Rxh1+ Ke2 61. Rh2+ Kf1 62. Qf2# 1-0


[Site "https://www.chess.com"]

[Event "Titled Tuesday Blitz April 11 Early 2023"]
[White "Alice, Mateus Felizardo Viageiro"]
[Black "lluiss"]
[WhiteFideId "14800047"]
[WhiteElo "2189"]
[BlackElo "2261"]
[Result "0-1"]
[Round "08"]
[TimeControl "180+2"]
[Date "2023.04.11"]
[WhiteClock "0:01:29"]
[BlackClock "0:00:35"]

1. e4 c5 2. Nf3 d6 3. d4 cxd4 4. Nxd4 Nf6 5. Nc3 g6 6. Be2 Bg7 7. g4 O-O 8. g5 Nfd7 9. Be3 Nc6 10. Qd2 Nxd4 11. Bxd4 Bxd4 12. Qxd4 Qb6 13. O-O-O Qxd4 14. Rxd4 Nb6 15. f4 Bd7 16. h4 Bc6 17. h5 e5 18. fxe5 dxe5 19. Rd6 Rad8 20. Rxd8 Rxd8 21. hxg6 hxg6 22. b3 Kg7 23. a4 a5 24. Bb5 Bxb5 25. Nxb5 f5 26. gxf6+ Kxf6 27. Rh7 Rd7 28. Rh8 Rg7 29. Rf8+ Ke7 30. Rf3 g5 31. Rg3 g4 32. Kd2 Kf6 33. Ke3 Kg5 34. Nd6 Rh7 35. Nf5 Nd7 36. Kd3 Nc5+ 37. Ke3 Ne6 38. c3 Rh3 39. b4 axb4 40. cxb4 Nd4 41. Rxh3 Nxf5+ 42. exf5 gxh3 43. Kf3 e4+ 44. Kg3 e3 45. a5 e2 46. Kf2 h2 47. Kxe2 h1=Q 0-1


[Site "https://www.chess.com"]

[Event "Titled Tuesday Blitz April 11 Early 2023"]
[White "Balint, Vilmos"]
[Black "Warchol, Kamil"]
[WhiteFideId "718050"]
[BlackFideId "21858241"]
[WhiteElo "2034"]
[BlackElo "2017"]
[Result "1-0"]
[Round "08"]
[TimeControl "180+2"]
[Date "2023.04.11"]
[WhiteClock "0:02:07"]
[BlackClock "0:00:03"]

1. e4 c5 2. Nf3 e6 3. d4 cxd4 4. Nxd4 Nc6 5. Nxc6 bxc6 6. Bd3 d5 7. exd5 cxd5 8. O-O Nf6 9. c4 Be7 10. Nc3 O-O 11. cxd5 Nxd5 12. Nxd5 Qxd5 13. Be3 Bb7 14. f3 Bc5 15. Qe2 Rfd8 16. Rfd1 Qe5 17. Bxc5 Qxc5+ 18. Qf2 Qxf2+ 19. Kxf2 Bd5 20. b3 a5 21. Rac1 a4 22. Bc4 axb3 23. axb3 Rdb8 24. Bxd5 exd5 25. Rxd5 Rxb3 26. Rc2 g6 27. h4 h5 28. Rd7 Rb4 29. Kg3 Rf8 30. Rcc7 Kg7 31. Ra7 Kf6 32. Kh3 Rb3 33. Rdc7 Kg7 34. Rc6 Re8 35. Rcc7 Rf8 36. Kh2 Rb4 37. g3 Rb2+ 38. Kh3 Rb3 39. f4 Rd3 40. f5 gxf5 41. Ra5 Kg6 42. Rc6+ f6 43. Rc7 f4 44. Raa7 Rxg3+ 45. Kh2 Kf5 46. Rc5+ Kg4 47. Rh7 Kxh4 48. Rhxh5+ Kg4 49. Rh7 Ra8 50. Rg7+ Kf3 51. Rc3+ Kf2 52. Rc2+ Kf3 53. Rc3+ Ke4 54. Rgxg3 fxg3+ 55. Kxg3 f5 56. Rc4+ Kd5 57. Rc7 Ke5 58. Rc5+ Kf6 59. Rb5 Kg5 60. Rb3 Ra4 61. Kf3 Rh4 62. Rb8 Rh3+ 63. Kg2 Ra3 64. Rg8+ Kf4 65. Rb8 Ra2+ 66. Kf1 Kf3 67. Rb3+ Kg4 68. Rb4+ f4 69. Rb8 Kf3 70. Rb3+ Kg4 71. Rb8 f3 72. Rg8+ Kf4 73. Rf8+ Kg4 74. Ra8 Kf4 75. Rxa2 Ke3 76. Ra3+ 1-0


[Site "https://www.chess.com"]

[Event "Titled Tuesday Blitz April 11 Early 2023"]
[White "Schuh, Karsten"]
[Black "Hoffmann, Asa"]
[WhiteFideId "4637950"]
[BlackFideId "2001470"]
[WhiteElo "2138"]
[BlackElo "2117"]
[Result "1-0"]
[Round "08"]
[TimeControl "180+2"]
[Date "2023.04.11"]
[WhiteClock "0:00:20"]
[BlackClock "0:00:18"]

1. Nf3 d6 2. c4 e5 3. Nc3 Bg4 4. Qb3 b6 5. d3 Nd7 6. g3 Bxf3 7. exf3 Nc5 8. Qd1 a5 9. Bg2 Nf6 10. O-O Be7 11. d4 exd4 12. Qxd4 O-O 13. f4 Rb8 14. h3 Re8 15. Be3 Nfd7 16. Rad1 Bf6 17. Qd2 a4 18. Nd5 Ne4 19. Qc2 Ndc5 20. Rfe1 c6 21. Nxf6+ Qxf6 22. Bxc5 Nxc5 23. Bxc6 Rxe1+ 24. Rxe1 g6 25. Bd5 b5 26. b4 axb3 27. axb3 b4 28. Re3 Kg7 29. Kg2 h5 30. h4 Qf5 31. Qd2 Qf6 32. Qe2 Rb6 33. f5 Ra6 34. fxg6 fxg6 35. Re7+ Kf8 36. Rf7+ Qxf7 37. Bxf7 Kxf7 38. Qd2 Rb6 39. Qe3 Rb7 40. Qf4+ Ke7 41. Qg5+ Kd7 42. Qxg6 Nxb3 43. Qf7+ Kc8 44. Qe8+ Kc7 45. Qe7+ Kc6 46. Qe8+ Kc7 47. Qf7+ Kc6 48. Qf3+ Kc7 49. Qxb3 Kc6 50. f3 Kc5 51. g4 1-0


[Site "https://www.chess.com"]

[Event "Titled Tuesday Blitz April 11 Early 2023"]
[White "Matveeva, Olga"]
[Black "FuenfgegenWilly"]
[WhiteFideId "24107018"]
[WhiteElo "2056"]
[BlackElo "2234"]
[Result "0-1"]
[Round "08"]
[TimeControl "180+2"]
[Date "2023.04.11"]
[WhiteClock "0:00:01"]
[BlackClock "0:00:32"]

1. d4 d5 2. c4 e5 3. dxe5 d4 4. Nf3 Nc6 5. a3 Nge7 6. b4 Ng6 7. Bb2 Ngxe5 8. Nxe5 Nxe5 9. Qxd4 Qxd4 10. Bxd4 Nxc4 11. e3 Nd6 12. Nd2 c6 13. Nc4 Nxc4 14. Bxc4 a5 15. b5 Bd7 16. bxc6 Bxc6 17. f3 b5 18. Bd3 b4 19. axb4 Bxb4+ 20. Ke2 O-O 21. Rhc1 Rfc8 22. Rc4 Bd5 23. Rxc8+ Rxc8 24. Bb6 g6 25. e4 Be6 26. Ke3 Bc3 27. Ra3 Bb4 28. Ra1 Rb8 29. Bc7 Rb7 30. Bd8 Ra7 31. Bb5 Bc3 32. Ra3 Bb4 33. Ra1 Ra8 34. Bf6 Bb3 35. Ba4 Bc4 36. Rc1 Be6 0-1


[Site "https://www.chess.com"]

[Event "Titled Tuesday Blitz April 11 Early 2023"]
[White "Fuzesabonyilaci"]
[Black "Kiseleva, Arina"]
[BlackFideId "4164989"]
[WhiteElo "2328"]
[BlackElo "1708"]
[Result "1-0"]
[Round "08"]
[TimeControl "180+2"]
[Date "2023.04.11"]
[WhiteClock "0:00:15"]
[BlackClock "0:00:02"]

1. Nf3 d5 2. c4 e6 3. g3 Nf6 4. Bg2 Be7 5. O-O O-O 6. d4 b6 7. Nc3 Bb7 8. b3 dxc4 9. bxc4 c5 10. e3 cxd4 11. exd4 Qc8 12. Qd3 Nc6 13. a3 Rd8 14. Be3 Na5 15. Nd2 Bxg2 16. Kxg2 Qc6+ 17. Kg1 Rac8 18. Nb5 Rd7 19. Rfc1 a6 20. d5 axb5 21. cxb5 Qb7 22. Rxc8+ Qxc8 23. Bxb6 Rxd5 24. Qe2 Rxd2 25. Qxd2 Nb3 26. Qb2 Nxa1 27. a4 Bc5 28. Ba5 Ng4 29. Be1 Qb7 30. Qxa1 h5 31. h3 Nf6 32. Qe5 Qe4 33. Qxe4 Nxe4 34. a5 Nd6 35. b6 Nc8 36. b7 1-0


[Site "https://www.chess.com"]

[Event "Titled Tuesday Blitz April 11 Early 2023"]
[White "Einarsson, Halldor Gretar"]
[Black "Novikova, Galina"]
[WhiteFideId "2300150"]
[BlackFideId "4157095"]
[WhiteElo "2142"]
[BlackElo "1953"]
[Result "0-1"]
[Round "08"]
[TimeControl "180+2"]
[Date "2023.04.11"]
[WhiteClock "0:00:01"]
[BlackClock "0:00:33"]

1. d4 e6 2. c4 d5 3. Nf3 c6 4. Nc3 dxc4 5. g3 b5 6. Bg2 Bb7 7. O-O a6 8. a4 Nf6 9. Ne5 Qb6 10. b3 cxb3 11. Qxb3 b4 12. Rd1 Be7 13. Nc4 Qd8 14. a5 Nbd7 15. Bf4 O-O 16. Nd6 bxc3 17. Qxb7 Nd5 18. Qxc6 Nxf4 19. gxf4 Nf6 20. Qxa8 Qxd6 21. Qf3 Nd5 22. e3 g6 23. Rdc1 Rc8 24. Rc2 Nb4 25. Qb7 Rc7 26. Qb8+ Kg7 27. Rac1 Nxc2 28. Rxc2 Qd7 29. Qb6 Qc8 30. Be4 Bd8 31. Bd3 Rc6 32. Qb4 Qc7 33. Be4 Rc4 34. Qb3 Be7 35. Bd3 Rc6 36. Qa4 f5 0-1


[Site "https://www.chess.com"]

[Event "Titled Tuesday Blitz April 11 Early 2023"]
[White "Rodriguez Santiago, Jaime"]
[Black "Dylag, Emilia"]
[WhiteFideId "3100898"]
[BlackFideId "21805172"]
[WhiteElo "2025"]
[BlackElo "1878"]
[Result "0-1"]
[Round "08"]
[TimeControl "180+2"]
[Date "2023.04.11"]
[WhiteClock "0:00:19"]
[BlackClock "0:00:20"]

1. c4 e6 2. Nf3 Nf6 3. g3 d5 4. Bg2 c5 5. O-O Nc6 6. b3 Be7 7. e3 O-O 8. Bb2 dxc4 9. bxc4 Qc7 10. Qe2 b6 11. d3 Bb7 12. Nc3 a6 13. a4 Rad8 14. Rad1 Nb4 15. Ne1 Bxg2 16. Kxg2 e5 17. f4 exf4 18. gxf4 Ne8 19. Rg1 f5 20. Kh1 Nf6 21. h3 Qc6+ 22. Rg2 g6 23. Nf3 Bd6 24. Rdg1 Rfe8 25. Qd2 Bf8 26. Ne5 Qd6 27. Nxg6 hxg6 28. Rxg6+ Kf7 29. Nb5 axb5 30. Rxf6+ Qxf6 31. Bxf6 Kxf6 32. Qc3+ Kf7 33. cxb5 Nxd3 34. Qc4+ Kf6 35. a5 bxa5 36. b6 Rxe3 37. Qc3+ Rd4 38. Kh2 Bd6 39. Rf1 Re2+ 40. Kg1 Nxf4 41. b7 Kf7 42. Qb3+ c4 43. Qf3 Rdd2 44. Qxe2 Nxe2+ 45. Kf2 Ng3+ 46. Ke3 Nxf1+ 47. Kf3 c3 48. b8=Q Bxb8 49. h4 c2 50. h5 c1=Q 51. h6 Qc3# 0-1


[Site "https://www.chess.com"]

[Event "Titled Tuesday Blitz April 11 Early 2023"]
[White "Smith, Garrett L"]
[Black "Vargas Rodriguez, Wilver"]
[WhiteFideId "2024829"]
[BlackFideId "3509672"]
[WhiteElo "2321"]
[BlackElo "2224"]
[Result "1-0"]
[Round "08"]
[TimeControl "180+2"]
[Date "2023.04.11"]
[WhiteClock "0:01:02"]
[BlackClock "0:00:05"]

1. e4 c5 2. a3 Nc6 3. b4 cxb4 4. axb4 Nxb4 5. d4 d5 6. c3 Nc6 7. exd5 Qxd5 8. Na3 e6 9. Nb5 Bd6 10. Bc4 Qe4+ 11. Ne2 Bb8 12. Ba3 Nge7 13. O-O O-O 14. Ng3 Qh4 15. Nd6 Rd8 16. Nxc8 Rxc8 17. Re1 Nf5 18. Re4 Qh6 19. Rb1 Bd6 20. Bc1 Qg6 21. Rg4 1-0


[Site "https://www.chess.com"]

[Event "Titled Tuesday Blitz April 11 Early 2023"]
[White "Yang,ching Wei, Austin"]
[Black "MANOJ_MISHRA123"]
[WhiteFideId "16300440"]
[WhiteElo "2101"]
[BlackElo "2112"]
[Result "0-1"]
[Round "08"]
[TimeControl "180+2"]
[Date "2023.04.11"]
[WhiteClock "0:00:12"]
[BlackClock "0:00:02"]

1. e4 Nf6 2. e5 Nd5 3. d4 d6 4. c4 Nb6 5. exd6 cxd6 6. Be3 g6 7. Nc3 Bg7 8. Be2 O-O 9. Rc1 Bf5 10. Nf3 d5 11. cxd5 Nxd5 12. Nxd5 Qxd5 13. Qa4 Nc6 14. O-O Bg4 15. h3 Bd7 16. Qa3 Rfe8 17. Rfd1 Bf8 18. Ng5 e5 19. dxe5 Qxd1+ 20. Rxd1 Bxa3 21. Rxd7 Nxe5 22. Rxb7 Bf8 23. Ne4 Re7 24. Rb5 Bg7 25. Bg5 Rd7 26. Bf6 Nc6 27. Rc5 Nd4 28. Bc4 Rb7 29. Bd5 Rbb8 30. Bxa8 Rxa8 31. Bxg7 Kxg7 32. Rc7 Rb8 33. b3 a5 34. Nd6 Rf8 35. Ra7 Ne2+ 36. Kf1 Nc3 37. a3 Rd8 38. Nxf7 Rd1# 0-1


[Site "https://www.chess.com"]

[Event "Titled Tuesday Blitz April 11 Early 2023"]
[White "Semenova, Alina"]
[Black "micke12a"]
[WhiteFideId "24113875"]
[WhiteElo "1833"]
[BlackElo "2317"]
[Result "0-1"]
[Round "08"]
[TimeControl "180+2"]
[Date "2023.04.11"]
[WhiteClock "0:00:01"]
[BlackClock "0:01:27"]

1. e4 c5 2. Nf3 e6 3. d4 cxd4 4. Nxd4 a6 5. Nc3 Qc7 6. Be3 Nf6 7. f3 Bb4 8. Qd2 O-O 9. a3 Ba5 10. b4 Bb6 11. Na4 Ba7 12. Bd3 b5 13. Nb2 d5 14. O-O Nbd7 15. Kh1 Bb7 16. Bf4 e5 17. Bxe5 Qxe5 18. c3 dxe4 19. fxe4 Nxe4 20. Bxe4 Qxe4 21. Rae1 Qg6 22. Nf5 Kh8 23. Re2 Rad8 24. Qf4 Bb8 25. Qh4 Nf6 26. Ne7 Qg4 27. Qxg4 Nxg4 28. Rfe1 Nxh2 29. Nd3 Ng4 30. Nc5 Ba8 31. Rd2 Rxd2 0-1


[Site "https://www.chess.com"]

[Event "Titled Tuesday Blitz April 11 Early 2023"]
[White "Lenaerts, Lennert"]
[Black "Aung Thant Zin"]
[WhiteFideId "211435"]
[BlackFideId "13000063"]
[WhiteElo "2334"]
[BlackElo "2278"]
[Result "0-1"]
[Round "08"]
[TimeControl "180+2"]
[Date "2023.04.11"]
[WhiteClock "0:00:36"]
[BlackClock "0:01:52"]

1. d4 Nf6 2. c4 e6 3. Nc3 Bb4 4. Qc2 c5 5. dxc5 Na6 6. Nf3 O-O 7. g3 Nxc5 8. Bg2 Nce4 9. O-O Bxc3 10. bxc3 Qc7 11. Nd4 d5 12. cxd5 exd5 13. Nb5 Qc5 14. a4 Re8 15. Ba3 Qc6 16. Rac1 a6 17. Nd4 Qc4 18. Rfe1 Bd7 19. f3 Bxa4 20. Qb2 Nc5 21. Qxb7 Nxb7 0-1


[Site "https://www.chess.com"]

[Event "Titled Tuesday Blitz April 11 Early 2023"]
[White "Albuquerque Junior,Wellington S."]
[Black "Kornyukov, Alexey"]
[WhiteFideId "2151480"]
[BlackFideId "4150457"]
[WhiteElo "2109"]
[BlackElo "2352"]
[Result "1-0"]
[Round "08"]
[TimeControl "180+2"]
[Date "2023.04.11"]
[WhiteClock "0:00:10"]
[BlackClock "0:00:18"]

1. c4 e5 2. g3 Nf6 3. Bg2 Bc5 4. Nc3 O-O 5. Nf3 Nc6 6. O-O e4 7. Ng5 Re8 8. Ngxe4 Nxe4 9. Nxe4 Bb6 10. d3 d6 11. Rb1 Bf5 12. b4 Bxe4 13. Bxe4 Ne5 14. Bxb7 Rb8 15. Bg2 Ng4 16. d4 a5 17. bxa5 Bxa5 18. Rxb8 Qxb8 19. e3 Nf6 20. Bd2 Bxd2 21. Qxd2 Qa7 22. Rc1 c5 23. h3 Ne4 24. Bxe4 Rxe4 25. Qd3 Re8 26. Rc2 cxd4 27. exd4 Re1+ 28. Kg2 Qb7+ 29. d5 Qb1 30. Qd2 Rh1 31. Qe2 Qg1+ 32. Kf3 h6 33. Rb2 g6 34. Rb8+ Kg7 35. Qb2+ f6 36. Rb7+ Kf8 37. Rb8+ Ke7 38. Qb7# 1-0


[Site "https://www.chess.com"]

[Event "Titled Tuesday Blitz April 11 Early 2023"]
[White "Necula, Iulian"]
[Black "Rian, Kapriaga"]
[WhiteFideId "1232380"]
[BlackFideId "7103263"]
[WhiteElo "1790"]
[BlackElo "2302"]
[Result "1-0"]
[Round "08"]
[TimeControl "180+2"]
[Date "2023.04.11"]
[WhiteClock "0:00:35"]
[BlackClock "0:00:01"]

1. d4 Nf6 2. Nc3 d5 3. Bf4 c6 4. e3 Bf5 5. f3 e6 6. g4 Bg6 7. h4 h5 8. g5 Nfd7 9. Bd3 Bxd3 10. cxd3 a6 11. Nge2 g6 12. e4 Qb6 13. Qb3 Qxb3 14. axb3 Nb6 15. Kf2 N8d7 16. Na4 Rc8 17. Nc5 Nxc5 18. dxc5 Bxc5+ 19. d4 Be7 20. Rhc1 O-O 21. Be3 Rfd8 22. Nc3 Bd6 23. Na4 Nxa4 24. bxa4 Kf8 25. b3 Ke8 26. Rc2 Kd7 27. Rac1 dxe4 28. fxe4 e5 29. Rd1 exd4 30. Bxd4 Ke6 31. Bf6 Bg3+ 32. Ke2 Rxd1 33. Kxd1 Rc7 34. Ke2 Rd7 35. b4 Bxh4 36. b5 axb5 37. axb5 cxb5 38. Rc5 Bg3 39. Rxb5 h4 40. Rb6+ Bd6 41. e5 h3 42. Kf2 Kd5 43. exd6 Rxd6 44. Rxb7 Ke6 45. Rxf7 Rd2+ 46. Ke3 h2 47. Rh7 Ra2 48. Kf3 Kf5 49. Kg3 Ra3+ 50. Kxh2 Kg4 51. Kg2 Ra2+ 52. Kf1 Rc2 53. Ke1 Rg2 54. Kd1 Rf2 55. Rh6 Kf5 56. Rh3 Rg2 57. Rf3+ Ke4 58. Ra3 Rh2 59. Ke1 Rc2 60. Kf1 Rd2 61. Kg1 Rc2 62. Rh3 Rd2 63. Rh2 Rd1+ 64. Kg2 Rd2+ 65. Kh3 1-0


[Site "https://www.chess.com"]

[Event "Titled Tuesday Blitz April 11 Early 2023"]
[White "Ciuffoletti, Paolo"]
[Black "Zampronha, Wladimir Camilo"]
[WhiteFideId "807630"]
[BlackFideId "2103087"]
[WhiteElo "2143"]
[BlackElo "2176"]
[Result "0-1"]
[Round "08"]
[TimeControl "180+2"]
[Date "2023.04.11"]
[WhiteClock "0:00:09"]
[BlackClock "0:00:14"]

1. e4 c5 2. d4 cxd4 3. c3 Nf6 4. e5 Nd5 5. Qxd4 e6 6. Bc4 Nc6 7. Qe4 f5 8. Qe2 Nde7 9. Nf3 Qc7 10. O-O Ng6 11. Re1 Be7 12. b4 O-O 13. Bb3 a5 14. b5 Nd8 15. a4 Nf7 16. Na3 b6 17. Nc4 Rb8 18. Nd4 Bb7 19. f4 Bd5 20. Bd2 Rfc8 21. Nb2 Bxb3 22. Nxb3 Bc5+ 23. Kh1 Ne7 24. c4 Nd8 25. Rac1 Nb7 26. Be3 Bxe3 27. Qxe3 Nc5 28. Nxc5 Qxc5 29. Qxc5 Rxc5 30. Red1 Rc7 31. Rd6 Nc8 32. Rd4 Kf7 33. Rcd1 Ke8 34. h3 Ne7 35. Rd6 Nc8 36. R6d4 Rbb7 37. g4 g6 38. gxf5 gxf5 39. Rg1 Ne7 40. Rg7 h6 41. Rh7 Ng8 42. Rd2 Kf8 43. Rg2 d5 44. Rh8 Rg7 45. cxd5 Rxg2 46. Kxg2 exd5 0-1


[Site "https://www.chess.com"]

[Event "Titled Tuesday Blitz April 11 Early 2023"]
[White "Jiganchine, Roman"]
[Black "Palencia Morales, Wilson Guillermo"]
[WhiteFideId "2603667"]
[BlackFideId "4401859"]
[WhiteElo "2268"]
[BlackElo "2139"]
[Result "0-1"]
[Round "08"]
[TimeControl "180+2"]
[Date "2023.04.11"]
[WhiteClock "0:00:01"]
[BlackClock "0:00:57"]

1. e4 c5 2. Nf3 Nc6 3. g3 d6 4. Bg2 Qd7 5. O-O b6 6. c3 Bb7 7. d4 g6 8. Re1 Bg7 9. Na3 Nh6 10. Nc2 O-O 11. Bg5 f6 12. Bf4 Nf7 13. a4 Rad8 14. Qd2 e5 15. Be3 f5 16. d5 Ne7 17. c4 fxe4 18. Ng5 Nxg5 19. Bxg5 Qf5 20. Bxe7 Rde8 21. Bxf8 Rxf8 22. Bxe4 Qh3 23. Bg2 Qh5 24. Qe2 Qg5 25. h4 Qe7 26. Bh3 g5 27. Be6+ Kh8 28. h5 Qf6 29. Ne3 Qh6 30. Kg2 Qxe6 31. Qg4 Qf6 32. Re2 Bc8 33. Qe4 Bd7 34. a5 b5 35. a6 b4 36. Rh1 Bh6 37. Ng4 Qg7 38. Nxh6 Qxh6 39. g4 Rf4 40. Qc2 Bxg4 41. Re3 Qf6 42. Rf1 Bf3+ 43. Kg1 Rg4+ 44. Kh2 Qf4+ 45. Kh3 Rh4# 0-1


[Site "https://www.chess.com"]

[Event "Titled Tuesday Blitz April 11 Early 2023"]
[White "Cramling Bellon, Anna"]
[Black "Carrasco Miranda, Andres"]
[WhiteFideId "32009232"]
[BlackFideId "3405990"]
[WhiteElo "1972"]
[BlackElo "2183"]
[Result "1/2-1/2"]
[Round "08"]
[TimeControl "180+2"]
[Date "2023.04.11"]
[WhiteClock "0:00:05"]
[BlackClock "0:00:10"]

1. d4 Nf6 2. c4 g6 3. Nc3 d5 4. cxd5 Nxd5 5. e4 Nxc3 6. bxc3 Bg7 7. Qa4+ c6 8. Nf3 O-O 9. Bg5 b5 10. Qa3 Re8 11. Be2 Nd7 12. Rd1 a5 13. O-O b4 14. cxb4 axb4 15. Qxb4 Rxa2 16. Bc4 Ra8 17. Ne5 Nxe5 18. dxe5 Qc7 19. Qb3 e6 20. f4 Ba6 21. Bf6 Reb8 22. Qd3 Bxc4 23. Qxc4 Bf8 24. f5 Qb6+ 25. Kh1 Qb5 26. Qc3 Ra2 27. fxg6 fxg6 28. Qh3 Re8 29. Rb1 Rb2 30. Rbd1 Rd2 31. Qf3 Rxd1 32. Rxd1 Qc4 33. h4 Ra8 34. h5 Ra7 35. Bg5 Rf7 36. Qg3 Rf1+ 37. Rxf1 Qxf1+ 38. Kh2 Qf7 39. Bf6 Be7 40. hxg6 hxg6 41. Bxe7 Qxe7 42. Qxg6+ Kf8 43. Qf6+ Ke8 44. Qh8+ Kd7 45. Qb8 Qh4+ 46. Kg1 Qe1+ 47. Kh2 Qxe4 48. Qd6+ Kc8 49. Qxe6+ Kb7 50. Qd7+ Kb6 51. Qd8+ Kb5 52. Qb8+ Kc4 53. Qd6 c5 54. g3 Qe2+ 55. Kh3 Qh5+ 56. Kg2 Qe2+ 57. Kg1 Qe1+ 58. Kg2 Qe2+ 59. Kh3 Qh5+ 60. Kg2 Qe2+ 1/2-1/2


[Site "https://www.chess.com"]

[Event "Titled Tuesday Blitz April 11 Early 2023"]
[White "Chincholimath, Halsagar"]
[Black "Havas, Ladislav"]
[WhiteFideId "5022487"]
[BlackFideId "14501090"]
[WhiteElo "1737"]
[BlackElo "2202"]
[Result "1-0"]
[Round "08"]
[TimeControl "180+2"]
[Date "2023.04.11"]
[WhiteClock "0:00:09"]
[BlackClock "0:00:24"]

1. e4 Nf6 2. e5 Nd5 3. f4 d6 4. d4 dxe5 5. fxe5 c5 6. c3 Nc6 7. Nf3 Bg4 8. Be2 e6 9. O-O Qb6 10. Kh1 Be7 11. dxc5 Qxc5 12. b4 Qb6 13. b5 Na5 14. Qa4 Bxf3 15. Bxf3 Rc8 16. Qg4 g6 17. Bxd5 Qxb5 18. Qf3 exd5 19. Qxf7+ Kd7 20. Ba3 Nc6 21. e6+ Kd8 22. Bxe7+ Nxe7 23. Nd2 Rxc3 24. Nf3 Qe8 25. Qg7 Rc6 26. Ne5 Kc8 27. Nxc6 bxc6 28. Rf7 Kd8 29. Rb1 Kc8 30. Rxe7 Qd8 31. Rxa7 Qa5 32. Rxa5 1-0


[Site "https://www.chess.com"]

[Event "Titled Tuesday Blitz April 11 Early 2023"]
[White "Golubev, Mikhail"]
[Black "rionelG"]
[WhiteFideId "14100983"]
[WhiteElo "2374"]
[BlackElo "2163"]
[Result "0-1"]
[Round "08"]
[TimeControl "180+2"]
[Date "2023.04.11"]
[WhiteClock "0:00:01"]
[BlackClock "0:00:12"]

1. g3 Nf6 2. Bg2 g6 3. d4 Bg7 4. e4 O-O 5. Nc3 c5 6. d5 d6 7. Nge2 Na6 8. O-O Nc7 9. a4 b6 10. Re1 a6 11. h3 Bd7 12. g4 b5 13. Ng3 bxa4 14. Nxa4 Bxa4 15. Rxa4 Nd7 16. c3 a5 17. Ra1 Qb8 18. h4 c4 19. Bf1 Qb3 20. Ra3 Qxd1 21. Rxd1 Nb5 22. Ra1 Rfc8 23. Ra4 Nb6 24. Ra1 a4 25. Be3 Nd7 26. f4 a3 27. Rdb1 axb2 28. Rxa8 Rxa8 29. Rxb2 Nxc3 30. Rb7 Nf6 31. Bd4 Ncxe4 32. g5 Nxg3 33. gxf6 Bxf6 34. Bxf6 exf6 35. Bxc4 Ra4 36. Rc7 Nf5 37. Bb5 Rxf4 38. Be8 Nh6 39. Rc6 Re4 40. Rc8 Kg7 41. Rd8 Nf5 42. Bd7 Nxh4 43. Bc6 Nf5 44. Bd7 Ne7 45. Bc6 Rc4 46. Rxd6 Nxc6 47. dxc6 Rc2 48. Kf1 h5 49. Ke1 h4 50. Kd1 Rc5 51. Ke2 g5 52. Kf3 Kg6 53. Kg2 Rc3 54. Kf2 Kf5 55. Rd5+ Kg4 56. Rd4+ Kh5 57. Rd6 f5 58. Rf6 f4 59. Kg2 Kg4 60. Kf2 Rc2+ 61. Kg1 Kg3 62. Kf1 g4 63. Ke1 h3 64. Kd1 Rxc6 0-1


[Site "https://www.chess.com"]

[Event "Titled Tuesday Blitz April 11 Early 2023"]
[White "dDobravcan"]
[Black "sebastianmarinp"]
[WhiteElo "2150"]
[BlackElo "2277"]
[Result "0-1"]
[Round "08"]
[TimeControl "180+2"]
[Date "2023.04.11"]
[WhiteClock "0:01:46"]
[BlackClock "0:02:03"]

1. e4 e5 2. Nf3 Nc6 3. Bb5 a6 4. Bxc6 dxc6 5. O-O Bg4 6. h3 h5 7. d3 Ne7 8. Nbd2 Ng6 9. Re1 Bc5 10. Nf1 Qf6 11. hxg4 hxg4 12. N3h2 Qxf2+ 13. Kh1 Qg1# 0-1


[Site "https://www.chess.com"]

[Event "Titled Tuesday Blitz April 11 Early 2023"]
[White "Clawitter, Craig"]
[Black "Munro, Allan"]
[WhiteFideId "2023105"]
[BlackFideId "7700245"]
[WhiteElo "2257"]
[BlackElo "2084"]
[Result "0-1"]
[Round "08"]
[TimeControl "180+2"]
[Date "2023.04.11"]
[WhiteClock "0:00:04"]
[BlackClock "0:01:12"]

1. e4 e5 2. Nc3 Nf6 3. g3 Bc5 4. Bg2 O-O 5. Nge2 c6 6. O-O d5 7. exd5 cxd5 8. d4 exd4 9. Nxd4 Nc6 10. Nb3 d4 11. Nxc5 dxc3 12. Qxd8 Rxd8 13. bxc3 Nd5 14. Bg5 f6 15. Bd2 b6 16. Nb3 Bb7 17. Rad1 Rac8 18. c4 Ndb4 19. Bxb4 Nxb4 20. Bxb7 Rb8 21. Bd5+ Kf8 22. c3 Nxa2 23. Rd3 b5 24. Ra1 bxc4 25. Bxc4 Rxd3 26. Bxd3 Rxb3 27. Rxa2 Rxc3 28. Bxh7 Rc7 29. Bf5 Kf7 30. Rc2 Re7 31. Kg2 g6 32. Bd3 f5 33. Bc4+ Kg7 34. Re2 Rc7 35. Bb3 Rb7 36. Bd5 Rd7 37. Bf3 a5 38. Ra2 Ra7 39. h4 Kf6 40. Bc6 Ke5 41. Ba4 Kd4 42. Rc2 Rb7 43. Kf3 Rb4 44. Bc6 a4 45. Be8 Rb3+ 46. Kf4 a3 47. Bxg6 Rb2 48. Bxf5 Rxc2 49. Bxc2 a2 0-1


[Site "https://www.chess.com"]

[Event "Titled Tuesday Blitz April 11 Early 2023"]
[White "ajedrez-facil"]
[Black "babbilator"]
[WhiteElo "2124"]
[BlackElo "2248"]
[Result "0-1"]
[Round "08"]
[TimeControl "180+2"]
[Date "2023.04.11"]
[WhiteClock "0:00:03"]
[BlackClock "0:00:15"]

1. e4 c5 2. Nf3 e6 3. d4 cxd4 4. Nxd4 Nc6 5. Nc3 Qc7 6. Be2 Nf6 7. O-O d6 8. Bg5 a6 9. Kh1 Be7 10. f4 O-O 11. f5 Bd7 12. Qd2 Ne5 13. Rad1 Rac8 14. Bf3 Nc4 15. Qc1 Nxb2 16. Qxb2 Qxc3 17. Qxb7 Rb8 18. Qxa6 e5 19. Nb3 Bb5 20. Qa5 Qxa5 21. Nxa5 Bxf1 22. Rxf1 Rfc8 23. Rc1 Ra8 24. Nb3 Rxa2 25. Bd1 Bd8 26. Bxf6 Bxf6 27. Kg1 Bg5 28. Rb1 h6 29. g3 Rc4 30. h4 Be3+ 31. Kf1 Rxe4 32. Ke2 Bb6+ 33. Kd3 Re1 34. Nd2 Bc5 35. Ne4 Ra3+ 36. Kd2 Rxe4 0-1


[Site "https://www.chess.com"]

[Event "Titled Tuesday Blitz April 11 Early 2023"]
[White "Tarnowska, Aleksandra"]
[Black "Rosh Jain"]
[WhiteFideId "1180967"]
[BlackFideId "25789465"]
[WhiteElo "1776"]
[BlackElo "2233"]
[Result "1-0"]
[Round "08"]
[TimeControl "180+2"]
[Date "2023.04.11"]
[WhiteClock "0:00:36"]
[BlackClock "0:00:18"]

1. e4 c5 2. Nf3 d6 3. Bb5+ Nd7 4. O-O f6 5. d4 cxd4 6. Nxd4 Qb6 7. Nc3 a6 8. Nd5 Qa5 9. b4 Qd8 10. Ne6 axb5 11. Ndc7+ Qxc7 12. Nxc7+ Kd8 13. Nxa8 e6 14. Be3 Be7 15. Bb6+ Ke8 16. Nc7+ Kf7 17. Nxb5 Nxb6 18. Nxd6+ Bxd6 19. Qxd6 Nd7 20. Rad1 Ne7 21. Qc7 Ne5 22. Rd8 Rxd8 23. Qxd8 b5 24. c3 Bb7 25. f3 Bc6 26. Rd1 Nc4 27. Qc7 e5 28. Rd8 Ke6 29. Rd6+ Kf7 30. Rxc6 Ke8 31. Re6 Kf8 32. Qxe7+ Kg8 33. Qe8# 1-0


[Site "https://www.chess.com"]